 Dungeon Crawl Stone Soup version 0.29.0-4-gdea44cf6ec (webtiles) character file.

Game seed: 5691902291121391661

38 qw the Chopper (level 3, -3/21 HPs)
             Began as a Tengu Warper on Aug 29, 2022.
             Was an Initiate of Okawaru.
             Slain by Grinder (6 damage)
             ... on level 3 of the Dungeon.
             The game lasted 00:00:20 (2140 turns).

qw the Chopper (Tengu Warper)                       Turns: 2140, Time: 00:00:20

Health: -3/21      AC:  8    Str: 13    XL:     3   Next: 43%
Magic:  7/7        EV:  3    Int: 13    God:    Okawaru [......]
Gold:   90         SH:  0    Dex: 13    Spells: 6/6 levels left

rFire   . . .      SeeInvis .   Y - +1 hand axe
rCold   . . .      Faith    .   (no shield)
rNeg    . . .      Spirit   .   j - +0 chain mail
rPois   .          Reflect  .   (helmet restricted)
rElec   .          Harm     .   (no cloak)
rCorr   .          Rampage  .   (no gloves)
Will    .....                   (boots unavailable)
Stlth   ..........              d - amulet of the acrobat
HPRegen 0.07/turn               (no ring)
MPRegen 0.10/turn               (no ring)

@: grasped by roots, constricted
A: beak, talons 3
a: Renounce Religion


You were on level 3 of the Dungeon.
You worshipped Okawaru.
Okawaru was noncommittal.
You visited 1 branch of the dungeon, and saw 3 of its levels.

You collected 90 gold pieces.


Innate Abilities, Weirdness & Mutations

You have a beak for a mouth.
You have claws for feet.


   Skills:
 - Level 2.0 Fighting
 + Level 4.1 Axes
 - Level 1.0 Throwing
 - Level 1.1 Armour
 - Level 2.1 Dodging
 - Level 2.0 Spellcasting
 - Level 2.4 Translocations


You had 6 spell levels left.
You didn't know any spells.
Your spell library contained the following spells:

 Spells                   Type           Power      Damage    Failure   Level
 Blink                    Tloc           14%        N/A       99%         2
 Gell's Gravitas          Tloc           7%         N/A       100%        3
 Lesser Beckoning         Tloc           7%         N/A       100%        3
 Teleport Other           Tloc           7%         N/A       100%        3
 Manifold Assault         Tloc           7%         N/A       100%        5

Inventory:

Hand Weapons
 e - a +0 whip
 Y - a +1 hand axe (weapon)
Armour
 j - a +0 chain mail (worn)
Jewellery
 d - an amulet of the acrobat (around neck)
Scrolls
 i - a scroll of identify
Potions
 b - a potion of resistance
 c - a potion of flight {unknown}
 f - a potion of curing
 g - a potion of haste {unknown}

Dungeon Overview and Level Annotations

Branches:
Dungeon (3/15)

Altars:
Gozag
Kikubaaqudgha
Okawaru
Trog
Xom

Annotations:
D:3 Grinder


Message History

There is a stone staircase leading down here.
You barely miss the worm. You claw the worm.
The worm is lightly wounded.
You hit the worm. You peck the worm.
The worm is heavily wounded.
The worm bites you but does no damage.
You barely miss the worm. You claw the worm.
The worm is heavily wounded.
You hit the worm. You claw the worm. You peck the worm, but do no damage.
You punch the worm.
The worm is almost dead.
The worm bites you.
You barely miss the worm. You claw the worm.
You kill the worm!
Okawaru accepts your kill.
You start resting.
HP restored.
Grinder comes into view.
She is carrying a wand of roots (6).
Found a potion of curing.
Grinder zaps a wand.
The roots erupt in riotous growth!
The grasping roots grab you! The grasping roots constrict you.
You hear a shout!
You escape the roots grasp.
Grinder gestures at you. You resist with significant effort.
Grinder misses you.
You hit Grinder. You peck Grinder, but do no damage.
Grinder is lightly wounded.
Grinder zaps a wand.
The roots erupt in riotous growth!
The grasping roots grab you!
Grinder is unaffected.
The grasping roots constrict you.
You slash Grinder! Your kick misses Grinder. Your peck misses Grinder.
Grinder is heavily wounded.
Grinder hits you.
You writhe in agony.
The grasping roots constrict you.
A kobold comes into view.
It is wielding a +1 short sword of venom.
You closely miss Grinder.
Grinder is heavily wounded.
Grinder hits you.
You writhe in agony.
You die...

##.## ### #.. . ..! ##
### #.# #.#.# .## ..#
#.# #.#.# ..## #.# #.#
#..5# _..# #.# #.# #@##
...###.# #.#####..##
.}.#.#.###.#.......#
...#.....>...###......+
...#.#.#####.# #...####
.......## #.# #..##
.####...# #.. K.## .#
#....# ###.### .#
#....# .#


You could see Grinder and a kobold.

Vanquished Creatures
  3 worms
  2 endoplasms
  A giant cockroach (D:1)
  3 goblins
  2 hobgoblins
  A ball python (D:1)
  A bat (D:1)
  2 frilled lizards
  8 kobolds
  9 rats
32 creatures vanquished.

Notes
Turn   | Place    | Note
-------+----------+-------------------------------------------
     0 | D:1      | qw the Tengu Warper began the quest for the Orb.
     0 | D:1      | Reached XP level 1. HP: 12/12 MP: 4/4
     0 | D:1      | 0 ||| qw: Version: 0.1-a-89-g26bdef1
     0 | D:1      | 0 ||| qw: Game counter: 3606
     0 | D:1      | 0 ||| qw: Always use a shield: true
     0 | D:1      | 0 ||| qw: God list: Okawaru
     0 | D:1      | 0 ||| qw: Allow faded altars: false
     0 | D:1      | 0 ||| qw: Do Orc after D:15 true
     0 | D:1      | 0 ||| qw: Do second Lair branch before Depths: true
     0 | D:1      | 0 ||| qw: Lair rune preference: random
     0 | D:1      | 0 ||| qw: Plans: Normal
     0 | D:1      | 0 ||| PLANNING D:1-11
   145 | D:1      | Reached XP level 2. HP: 15/17 MP: 6/6
   200 | D:1      | Reached skill level 3 in Axes
   441 | D:1      | 441 ||| Stepping ~*~*~tactically~*~*~ (stealth).
   443 | D:1      | 443 ||| Stepping ~*~*~tactically~*~*~ (stealth).
   480 | D:1      | You fall into a shaft and drop 1 floor!
   487 | D:2      | 487 ||| UPGRADING to amulet of the acrobat.
   492 | D:2      | 492 ||| READING scroll labelled JEIJUNWE DUIL.
   493 | D:2      | 493 ||| DROPPING scroll of blinking.
   979 | D:1      | 979 ||| UPGRADING to +0 ring mail.
   989 | D:1      | 989 ||| DROPPING +0 leather armour.
   990 | D:1      | 990 ||| READING scroll labelled OLAEFF HABBE.
   991 | D:1      | 991 ||| READING scroll labelled MYOMAKHL QIMIO.
   992 | D:1      | 992 ||| READING scroll labelled ZEUNKI ODUOG.
  1045 | D:2      | 1045 ||| Stepping ~*~*~tactically~*~*~ (stealth).
  1143 | D:2      | Reached XP level 3. HP: 21/21 MP: 7/7
  1762 | D:2      | Found an iron altar of Okawaru.
  1776 | D:2      | Became a worshipper of Warmaster Okawaru
  1864 | D:2      | Found a faded altar of an unknown god.
  1866 | D:2      | Reached skill level 4 in Axes
  1999 | D:2      | 1999 ||| UPGRADING to +0 chain mail.
  2009 | D:2      | 2009 ||| DROPPING +0 ring mail.
  2010 | D:2      | 2010 ||| DROPPING ring of magical power.
  2011 | D:2      | 2011 ||| DRINKING 2 white potions.
  2012 | D:2      | 2012 ||| READING 2 scrolls of identify.
  2012 | D:2      | 2012 ||| IDENTIFYING puce potion
  2051 | D:3      | Found an iron altar of Okawaru.
  2056 | D:3      | Found a shimmering altar of Xom.
  2062 | D:3      | Found a bloodstained altar of Trog.
  2062 | D:3      | Found an opulent altar of Gozag.
  2092 | D:3      | Found an ancient bone altar of Kikubaaqudgha.
  2135 | D:3      | Noticed Grinder
  2140 | D:3      | HP: 3/21 [Grinder (3)]
  2140 | D:3      | Slain by Grinder

Levels and vault maps discovered:
D:1:      amcnicky_arrival_double_pillar, layout_loops_corners
D:2:      layout_basic, basic_altar, dilly_ecumenical_altar_fadedgnrine
D:3:      layout_loops_corners, nicolae_overflow_hallway_of_the_gods,
          uniq_grinder

Skill      XL: |  1  2  3 |
---------------+----------+-----
Axes           | 3 4 |  4.1
Fighting       | |  2.0
Throwing       | |  1.0
Armour         | |  1.1
Dodging        | |  2.1
Spellcasting   | |  2.0
Translocations | |  2.4

Action                   || total
-------------------------++-------
Melee: Hand axe          ||    68
       Kick              ||    22
       Peck              ||    12
       Punch             ||     2
Throw: Boomerang         ||     7
  Use: Scroll            ||     5
       Potion            ||     1
Armor: Leather armour    ||     3
       Ring mail         ||     3
       Chain mail        ||     1
Dodge: Dodged            ||    23

Table legend:
 A = Non-vault XP
 B = Vault XP
 C = Vault XP percentage of total XP
 D = Non-vault monster count
 E = Vault monster count
 F = Vault count percentage of total count
                 A         B        C        D         E       F
            +---------+---------+-------+---------+---------+-------
      Total |      55 |       0 |   0.0 |      32 |       0 |   0.0
            +---------+---------+-------+---------+---------+-------
        D:1 |      28 |       0 |   0.0 |      20 |       0 |   0.0
        D:2 |      17 |       0 |   0.0 |      10 |       0 |   0.0
        D:3 |      10 |       0 |   0.0 |       2 |       0 |   0.0
            +---------+---------+-------+---------+---------+-------
